 Dungeon Crawl Stone Soup version 0.30-a0-557-ge2afbf3030 (webtiles) character file.

Game seed: 11204768202739553569

2384 Zonian the Covert (level 9, 0/42 HPs)
             Began as a Vine Stalker Brigand on Dec 27, 2022.
             Was an Initiate of Dithmenos.
             Slain by Grum
             ... wielding a -2 spear
              (3 damage)
             ... on level 8 of the Dungeon.
             The game lasted 00:26:08 (6941 turns).

Zonian the Covert (Vine Stalker Brigand)            Turns: 6941, Time: 00:26:08

Health: 0/42       AC:  6    Str: 18    XL:     9   Next: 45%
Magic:  0/10       EV: 16    Int: 11    God:    Dithmenos [......]
Gold:   132        SH:  5    Dex: 23    Spells: 8/8 levels left

rFire   + . .      SeeInvis .    r - +4 dagger (elec)
rCold   . . .      Faith    .    (no shield)
rNeg    . . .      Spirit   +    G - +1 robe of the Thinker {Str+4 Dex+3}
rPois   +          Reflect  +    (no helmet)
rElec   +          Harm     .    i - +2 cloak
rCorr   .          Rampage  .    (no gloves)
Will    +....                    (no boots)
Stlth   +++++                    v - amulet of reflection
HPRegen 1.07/turn                w - +4 ring of evasion
MPRegen 0.12/turn                t - ring "Wankifex" {*Corrode rElec rPois rF+}

@: studying Stealth
A: fangs 3, regeneration 1, magic shield, antimagic bite, no potion heal 2
a: Renounce Religion


You were on level 8 of the Dungeon.
You worshipped Dithmenos.
Dithmenos was noncommittal.
You visited 2 branches of the dungeon, and saw 9 of its levels.
You also visited: Sewer.

You collected 486 gold pieces.
You spent 354 gold pieces at shops.

Inventory:

Hand Weapons
 a - a +2 heavy dagger
 o - a +0 sling
 r - a +4 dagger of electrocution (weapon)
Missiles
 d - 18 poisoned darts (quivered)
 e - 4 curare-tipped darts
 g - 3 throwing nets
 l - 5 atropa-tipped darts
 z - 2 silver javelins
 C - 4 boomerangs
Armour
 b - a +0 robe
 c - a +0 cloak
 i - a +2 cloak (worn)
 G - the +1 robe of the Thinker (worn) {Str+4 Dex+3}
   (You found it on level 7 of the Dungeon)

   Str:       It affects your strength (+4).
   Dex:       It affects your dexterity (+3).
Jewellery
 n - a ring of see invisible
 q - a ring of wizardry
 t - the ring "Wankifex" (right hand) {*Corrode rElec rPois rF+}
   (You acquired it on level 4 of the Dungeon)

   [ring of protection from fire]

   rF:        It protects you from fire.
   rElec:     It insulates you from electricity.
   rPois:     It protects you from poison.
   *Corrode:  It may corrode you when you take damage.
 v - an amulet of reflection (around neck)
 w - a +4 ring of evasion (left hand)
 H - a +6 ring of intelligence
Wands
 A - a wand of paralysis (18)
 B - a wand of mindburst (6)
Scrolls
 x - 2 scrolls of amnesia
 y - 2 scrolls of enchant armour
 E - a scroll of silence
Potions
 f - 3 potions of brilliance
 j - 2 potions of might
 k - a potion of invisibility {unknown}
 p - 6 potions of curing
 s - a potion of flight
 u - a potion of lignification {unknown}
 D - a potion of haste {unknown}
Miscellaneous
 F - a piece from Xom's chessboard (15/15)


   Skills:
 - Level 2.0 Fighting
 + Level 9.5 Short Blades
 - Level 2.0 Throwing
 - Level 1.1 Dodging
 - Level 11.3 Stealth


You had 8 spell levels left.
You didn't know any spells.
Your spell library contained the following spells:

 Spells                   Type           Power      Damage    Failure   Level
 Beastly Appendage        Tmut           0%         N/A       34%         1
 Static Discharge         Conj/Air       0%         2-2/arc   47%         2
 Sublimation of Blood     Necr           0%         N/A       47%         2
 Wereblood                Tmut           0%         N/A       47%         2
 Kindle Blastsparks       Fire/Tloc/Air  0%         2d10      71%         3
 Spider Form              Tmut/Pois      0%         N/A       71%         3
 Vhi's Electric Charge    Tloc/Air       0%         N/A       71%         3
 Fulminant Prism          Conj/Hex       0%         3d5       98%         4
 Iskenderun's Mystic Bla  Conj/Tloc      0%         2d3       98%         4
 Petrify                  Tmut/Erth      0%         N/A       98%         4
 Arcjolt                  Conj/Air       0%         1d10      100%        5
 Irradiate                Conj/Tmut      0%         3d11      100%        5
 Lee's Rapid Deconstruct  Erth           0%         3d4*      100%        5
 Lightning Bolt           Conj/Air       0%         1d11      100%        5


Dungeon Overview and Level Annotations

Branches:
Dungeon (8/15)             Temple (1/1) D:7           Sewer (visited)
   Lair: D:8-11

Altars:
Ashenzari
Cheibriados
Dithmenos
Elyvilon
Fedhas
Gozag
Hepliaklqana
Kikubaaqudgha
Nemelex Xobeh
Ru
Sif Muna
Trog
Uskayaw
Vehumet
Wu Jian
Xom
Zin

Shops:
D:3 =   D:6 *

Annotations:
D:5 Menkaure
D:6 Prince Ribbit
D:7 1 runed translucent door, Crazy Yiuf
D:8 Grum


Innate Abilities, Weirdness & Mutations

You have razor-sharp teeth.
Your natural rate of healing is unusually fast.
When hurt, damage is shared between your health and your magic reserves.
Your bite disrupts and absorbs the magic of your enemies.
Potions cannot restore your health.


Message History

You feel invigorated.
The wolf is almost dead.
The wolf misses you. Grum closely misses you.
You miss the wolf. Your bite misses the wolf.
The wolf is almost dead.
You block the wolf's attack.
You hit the wolf but do no damage. You bite the wolf, but do no damage.
The wolf is almost dead.
Grum hits you from afar with a -2 spear!
The wolf bites you but does no damage.
Unknown command.
You barely miss the wolf. Your bite misses the wolf.
The wolf is almost dead.
The wolf bites you!
* * * LOW HITPOINT WARNING * * *
The wolf misses you.
Unknown command.
Okay, then.
Aiming: Mindburst
Press: ? - help, Shift-Dir - straight line, f - Grum
Aim: Grum, wielding a -2 spear, wearing a +0 animal skin and carrying a wand of flame (29) (chance to affect: 72%) Grum's mind is blasted!
Grum hits you from afar with a -2 spear!
* * * LOW HITPOINT WARNING * * *
The wolf closely misses you. You block the wolf's attack.
Unknown command.
Okay, then.
Okay, then.
Your magical effects are unravelling.
You feel magically purged.
You are no longer corroded.
The wolf bites you.
* * * LOW HITPOINT WARNING * * *
The wolf closely misses you.
Grum zaps a wand.
The puff of flame hits you. You resist.
* * * LOW HITPOINT WARNING * * *
The wolf misses you. The wolf bites you but does no damage.
The wolf closely misses you.
Grum hits you from afar with a -2 spear.
You die...

# ###.#### #####
#......# #...
#.#.##.####.##### #
................##.#
#......####....h@..#
#....#># #.....h..#
#.#.##.# ##.#g..#.#
#......# #..###..#
###.#### #..# ..#
##'## #..# ..#
##...## #... ...
#....!## #.. ...#
.......##


You could see Grum and 2 wolves.

Vanquished Creatures
  A wyvern (D:7)
  A steam dragon (D:6)
  A water moccasin (D:7)
  An ice beast (D:7)
  4 sky beasts
  An ogre (D:6)
  A wolf (D:8)
  2 centaurs
  2 kobold brigands
  A phantom (D:5)
  4 wights (D:6)
  2 hounds
  3 jellies (D:6)
  A gnoll bouda (D:5)
  3 orc priests
  2 iguanas
  Natasha (twice) (D:4)
  5 orc wizards
  7 adders
  5 gnolls (D:5)
  2 river rats (Sewer)
  A shadow imp (D:5)
  A white imp (D:7)
  3 ufetubi
  7 worms
  2 dart slugs
  15 orcs
  13 ball pythons
  5 bats
  13 endoplasms
  6 giant cockroaches
  13 hobgoblins
  A jackal (D:2)
  3 quokkas
  6 frilled lizards
  3 goblins
  20 kobolds
  12 rats
  2 butterflies (D:7)
177 creatures vanquished.

Vanquished Creatures (others)
  A butterfly (D:3)
1 creature vanquished.

Grand Total: 178 creatures vanquished

Notes
Turn   | Place    | Note
-------+----------+-------------------------------------------
     0 | D:1      | Zonian the Vine Stalker Brigand began the quest for the
                  | Orb.
     0 | D:1      | Reached XP level 1. HP: 11/11 MP: 2/2
   278 | D:1      | Reached skill level 1 in Dodging
   278 | D:1      | Reached XP level 2. HP: 15/15 MP: 3/3
   330 | D:1      | Reached skill level 5 in Stealth
  1263 | D:2      | Reached XP level 3. HP: 18/18 MP: 4/4
  1623 | D:2      | Reached skill level 6 in Stealth
  1701 | D:2      | Gained mutation: Your natural rate of healing is unusually
                  | fast. [Vine Stalker growth]
  1701 | D:2      | Reached XP level 4. HP: 23/23 MP: 5/5
  2144 | D:3      | Found Jaumewna's Jewellery Boutique.
  2168 | D:3      | Reached skill level 7 in Stealth
  2168 | D:3      | Reached XP level 5. HP: 19/26 MP: 2/6
  2179 | D:3      | Found a faded altar of an unknown god.
  2295 | D:3      | Found a glowing drain.
  2299 | Sewer    | Entered a sewer
  2324 | Sewer    | Noticed a kobold brigand
  2340 | Sewer    | Killed a kobold brigand
  2341 | Sewer    | Reached skill level 8 in Stealth
  2393 | Sewer    | Reached XP level 6. HP: 21/30 MP: 4/7
  2894 | D:3      | Found a white marble altar of Elyvilon.
  2948 | D:3      | Found an opulent altar of Gozag.
  2956 | D:3      | Noticed an ice beast
  3356 | D:3      | Reached skill level 9 in Stealth
  3631 | D:4      | Identified a scroll of acquirement
  3631 | D:4      | Acquired a manual of Stealth
  4116 | D:4      | Noticed Natasha
  4120 | D:4      | Killed Natasha
  4401 | D:4      | Acquired the ring "Wankifex" {*Corrode rElec rPois rF+}
  4406 | D:4      | Noticed Natasha
  4421 | D:4      | Killed Natasha
  4550 | D:5      | Entered Level 5 of the Dungeon
  4619 | D:3      | Bought an amulet of reflection for 330 gold pieces
  4738 | D:5      | Reached skill level 10 in Stealth
  4738 | D:5      | Reached XP level 7. HP: 35/35 MP: 8/8
  4864 | D:5      | Found a hazy altar of Hepliaklqana.
  5033 | D:5      | Reached skill level 11 in Stealth
  5239 | D:5      | Noticed Menkaure
  5406 | D:6      | Noticed Prince Ribbit
  5447 | D:6      | Noticed a steam dragon
  5532 | D:6      | Reached skill level 5 in Short Blades
  5532 | D:6      | Gained mutation: You have razor-sharp teeth. [Vine Stalker
                  | growth]
  5532 | D:6      | Reached XP level 8. HP: 39/39 MP: 9/9
  5792 | D:6      | Found Cadaxzy's CLEARANCE SALE!.
  5803 | D:6      | Bought 2 silver javelins for 24 gold pieces
  6018 | D:7      | Found a staircase to the Ecumenical Temple.
  6019 | D:7      | Found a shimmering altar of Xom.
  6049 | Temple   | Entered the Ecumenical Temple
  6090 | Temple   | Became a worshipper of Dithmenos the Shadowed
  6122 | D:7      | Noticed a wyvern
  6175 | D:7      | Identified the +1 robe of the Thinker {Str+4 Dex+3}
  6501 | D:7      | Found a hide-covered altar of Uskayaw.
  6502 | D:7      | Found a glowing silver altar of Zin.
  6504 | D:7      | Found a bloodstained altar of Trog.
  6522 | D:7      | Reached XP level 9. HP: 38/42 MP: 8/10
  6616 | D:7      | Found a runed translucent door.
  6617 | D:7      | Noticed Crazy Yiuf
  6922 | D:8      | Noticed Grum
  6940 | D:8      | HP: 1/42 [Grum/puff of flame (2)]
  6941 | D:8      | Slain by Grum

Illustrated notes

Levels and vault maps discovered:
D:1:      dpeg_arrival_three_same_balls, layout_basic, solitary_fountain
D:2:      minmay_skewed_foursquare, layout_basic, minmay_divided_ellipse
D:3:      layout_loops_cross, nicolae_elyvilon_peaceful_grove,
          nicolae_overflow_hidden_temple, serial_shops,
          nicolae_shop_hallway_stairs, nicolae_ecumenical_oubliette,
          gup_sewer_entry_bowl, minmay_bisected
D:4:      kennysheep_spiral_hall, layout_cave_pods, nrook_campfire, uniq_natasha
D:5:      nicolae_cairo_tiling, layout_rooms,
          mainiacjoe_overflow_concentric_impassable, uniq_menkaure
D:6:      layout_rooms, serial_glass, glass_columns_b, glass_columns_b,
          glass_columns_b, glass_columns_a, glass_columns_a, glass_columns_c,
          nicolae_shop_clearance, uniq_prince_ribbit1
D:7:      layout_loops_ring, xom_butterflies,
          chequers_temple_overflow_statue_of_worship,
          minmay_temple_entry_butterflies, grunt_decor_arrowhead,
          uniq_crazy_yiuf_cottage
D:8:      layout_loops_corners, kennysheep_mini, serial_shops,
          nicolae_inconvenience_store, kennysheep_small_circle, uniq_maggie,
          uniq_erica, uniq_grum
Temple:   nicolae_temple_ecumenical_triangle

Skill      XL: |  1  2  3  4  5  6  7  8  9 |
---------------+----------------------------+-----
Dodging        | 1 |  1.1
Throwing       | 2 |  2.0
Stealth        | 5 6 7 8 10 11 | 11.3
Fighting       | 2 |  2.0
Short Blades   | 2 3 5 8 9 |  9.5

Action                   |  1- 3 |  4- 6 |  7- 9 || total
-------------------------+-------+-------+-------++-------
Melee: Dagger            |    72 |   212 |   168 ||   452
       Bite              |    19 |    44 |    57 ||   120
       Punch             |       |     1 |     2 ||     3
Throw: Dart              |     3 |     4 |     3 ||    10
       Javelin           |       |       |     2 ||     2
Evoke: Wand              |       |       |     1 ||     1
  Use: Scroll            |       |    14 |     7 ||    21
       Potion            |       |       |     2 ||     2
 Stab: Sleeping          |     7 |    16 |     8 ||    31
       Distracted        |       |       |     2 ||     2
Armor: Robe              |    14 |    28 |    17 ||    59
Dodge: Dodged            |    39 |   107 |    96 ||   242
Block: Other             |       |       |    25 ||    25
       Reflection        |       |       |     3 ||     3

Table legend: (Time is in decaauts)
 A = Elapsed time spent in this place.
 B = Non-inter-level travel time spent in this place.
 C = Inter-level travel time spent in this place.
 D = Time resting spent in this place.
 E = Time spent auto-exploring this place.
 F = Levels seen in this place.
 G = Mean time per level.
                   A        B        C        D        E       F      G
               +--------+--------+--------+--------+--------+-----+--------+
         Total |   6984 |   6652 |    332 |    806 |   3432 |  10 |  698.4 |
       Dungeon |   6310 |   5987 |    323 |    666 |   3392 |   8 |  788.8 |
        Temple |     50 |     41 |      9 |      0 |     25 |   1 |   50.0 |
         Sewer |    623 |    623 |      0 |    140 |     14 |   1 |  623.0 |
               +--------+--------+--------+--------+--------+-----+--------+

Top non-repeatable levels by time:
     D:2: 1137 daAuts
     D:1: 1060 daAuts
     D:4: 1038 daAuts
     D:3: 912 daAuts
     D:7: 803 daAuts
     D:5: 659 daAuts
     D:6: 658 daAuts
   Sewer: 623 daAuts
  Temple: 50 daAuts
     D:8: 41 daAuts
